 Dungeon Crawl Stone Soup version 0.27.1-33-g824d729ab1 (webtiles) character file.

Game seed: 16888963337538730384

1698 lordive the Geomancer (level 9, 0/48 HPs)
             Began as a Gargoyle Earth Elementalist on Dec 24, 2021.
             Was a Follower of Vehumet.
             Shot with a sling bullet by Joseph (2 damage)
             ... on level 7 of the Dungeon.
             The game lasted 00:34:31 (7410 turns).

lordive the Geomancer (Gargoyle Earth Elementalist) Turns: 7410, Time: 00:34:32

Health: 0/48       AC: 12    Str: 13    XL:     9   Next: 3%
Magic:  19/19      EV: 11    Int: 18    God:    Vehumet [*.....]
Gold:   285        SH:  0    Dex: 10    Spells: 16/21 levels left

rFire    + . .     SeeInvis .   w - +2 flail
rCold    . . .     Faith    .   (no shield)
rNeg     + . .     Spirit   .   v - +2 leather armour {rF+}
rPois    ∞         Reflect  .   p - +0 helmet
rElec    +         Harm     .   (no cloak)
rCorr    .         Rampage  .   (no gloves)
Will     .....                  (no boots)
Stlth    ++........             a - amulet of regeneration
HPRegen  1.16/turn              k - ring of flight
MPRegen  0.16/turn              (no ring)

@: flying
A: sickness immunity, AC +6, negative energy resistance 1, electricity
resistance, torment resistance 1, petrification resistance
a: Renounce Religion


You were on level 7 of the Dungeon.
You worshipped Vehumet.
Vehumet was aware of your devotion.
You visited 2 branches of the dungeon, and saw 8 of its levels.

You collected 285 gold pieces.

Inventory:

Hand Weapons
 u - a +0 falchion of protection
 w - a +2 flail (weapon)
 y - a +0 dagger of speed
Missiles
 c - 33 stones
Armour
 b - the +10 scale mail of Xom's Anger {Harm +Blink}
   (You found it on level 6 of the Dungeon)

   +Blink:    It lets you blink.
   Harm:      It increases damage dealt and taken.
 i - a +0 scale mail
 o - a +0 chain mail
 p - a +0 helmet (worn)
 v - a +2 leather armour of fire resistance (worn)
 x - a +0 kite shield
Magical Staves
 s - a staff of cold
Jewellery
 a - an amulet of regeneration (around neck)
 k - a ring of flight (left hand)
Scrolls
 d - a scroll of acquirement {unknown}
 e - 2 scrolls of noise {unknown}
 f - 3 scrolls of teleportation {unknown}
 g - 2 scrolls of identify {unknown}
 j - 4 scrolls of magic mapping {unknown}
 l - 2 scrolls of vulnerability {unknown}
 n - 2 scrolls of fog {unknown}
 q - a scroll of amnesia {unknown}
 r - a scroll of immolation {unknown}
 A - 2 scrolls of fear {unknown}
 C - a scroll of enchant armour {unknown}
Potions
 h - a potion of might {unknown}
 m - 2 potions of curing {unknown}
 t - a potion of attraction {unknown}
 z - a potion of ambrosia {unknown}
 B - a potion of brilliance {unknown}


   Skills:
 * Level 2.1 Fighting
 * Level 0.2 Maces & Flails
 * Level 1.0 Armour
 * Level 1.9 Dodging
 + Level 2.6 Stealth
 * Level 0.2 Shields
 * Level 6.9 Spellcasting
 * Level 3.2 Conjurations
 + Level 0.7 Transmutations
 * Level 1.0 Fire Magic
 * Level 9.1 Earth Magic
 * Level 0.1 Evocations


You had 16 spell levels left.
You knew the following spells:

 Your Spells              Type           Power      Damage    Failure   Level
a - Sandblast             Erth           78%        2d17      1%          1
b - Stone Arrow           Conj/Erth      56%        3d10      3%          3
c - Foxfire               Conj/Fire      56%        2x1d6     6%          1

Your spell library contained the following spells:

 Spells                   Type           Power      Damage    Failure   Level
 Passwall                 Tmut/Erth      19%        N/A       2%          2
 Freeze                   Ice            24%        1d5       14%         1
 Petrify                  Tmut/Erth      23%        N/A       19%         4
 Frozen Ramparts          Ice            12%        1d3       38%         3
 Gell's Gravitas          Tloc           3%         N/A       38%         3
 Teleport Other           Tloc           6%         N/A       38%         3
 Hailstorm                Conj/Ice       12%        3d5       56%         4
 Dispersal                Tloc           3%         N/A       100%        6


Dungeon Overview and Level Annotations

Branches:
Dungeon (7/15)             Temple (1/1) D:5

Altars:
Ashenzari
Cheibriados
Elyvilon
Fedhas
Hepliaklqana
Kikubaaqudgha
Makhleb
Nemelex Xobeh
Okawaru
Qazlal
Ru
Sif Muna
Uskayaw
Vehumet
Wu Jian
Xom
Yredelemnul
Zin
The Shining One

Shops:
D:6 *=

Annotations:
D:7 Joseph


Innate Abilities, Weirdness & Mutations

You are immune to sickness and miasma.
Your stone body is resilient. (AC +6)
You are immune to poison.
You resist negative energy. (rN+)
You are resistant to electric shocks. (rElec)
You are resistant to unholy torment.
You are immune to petrification.


Message History

The foxfire hits Joseph but does no damage.
Joseph is lightly wounded.
Joseph shoots a sling bullet.
The sling bullet hits you! The sling bullet burns you.
The foxfire hits Joseph.
Joseph is lightly wounded.
Casting: Foxfire (safe; 6% risk of failure)
Confirm with . or Enter, or press ? or * to list all spells.
You conjure some foxfire!
The foxfire hits Joseph.
Joseph is lightly wounded.
The foxfire hits Joseph.
Joseph is lightly wounded.
The foxfire hits Joseph.
Joseph is lightly wounded.
Joseph shoots a sling bullet.
The sling bullet barely misses you.
Casting: Foxfire (safe; 6% risk of failure)
Confirm with . or Enter, or press ? or * to list all spells.
You conjure some foxfire!
Joseph shoots a sling bullet.
The sling bullet hits you!
* * * LOW HITPOINT WARNING * * *
The sling bullet burns you.
* * * LOW HITPOINT WARNING * * *
You fly upwards.
Your mindless thrall stays behind.
There is a stone staircase leading down here.
You start resting.
Magic restored.
You start resting.
HP restored.
You fly downwards.
Level annotation: Joseph Joseph shoots a sling bullet.
The sling bullet hits you! The sling bullet burns you.
Joseph smiles happily.
Joseph shoots a sling bullet.
The sling bullet hits you! The sling bullet burns you.
There is a stone staircase leading up here.
Joseph shoots a sling bullet.
The sling bullet hits you!
* * * LOW HITPOINT WARNING * * *
The sling bullet burns you.
You die...

# ...## .# .. #.
#...##.##$. ##.#
#....#....
....##.......# .
....>......# #
#..##.#?......#.#.
#................
#...@..........
#..###.........
.... #.........
...# #..@...... #>
.........$ #
...........
...........
......#.##..
......#..


You could see Joseph.

Vanquished Creatures
  A kobold demonologist (D:6)
  A shadow (D:6)
  An orc warrior (D:5)
  2 ogres
  A centaur (D:5)
  Blork the orc (D:3)
  A kobold brigand (D:5)
  A scorpion (D:5)
  A water moccasin zombie (D:6)
  A jelly (D:6)
  2 orc priests
  3 hounds
  A gnoll shaman (D:4)
  3 iguanas
  5 orc wizards
  Robin (D:4)
  6 gnolls
  7 adders
  A white imp (D:7)
  2 worms
  2 dart slugs
  18 orcs
  10 ball pythons
  7 bats
  10 endoplasms
  6 giant cockroaches
  13 hobgoblins
  2 jackals (D:3)
  A quokka (D:2)
  2 frilled lizards
  21 goblins
  12 kobolds
  9 rats
155 creatures vanquished.

Vanquished Creatures (others)
  11 foxfires
11 creatures vanquished.

Grand Total: 166 creatures vanquished

Notes
Turn   | Place    | Note
-------+----------+-------------------------------------------
     0 | D:1      | lordive the Gargoyle Earth Elementalist began the quest for
                  | the Orb.
     0 | D:1      | Reached XP level 1. HP: 10/10 MP: 3/3
   132 | D:1      | Reached skill level 4 in Earth Magic
   132 | D:1      | Reached XP level 2. HP: 15/15 MP: 0/5
   570 | D:1      | Reached XP level 3. HP: 19/19 MP: 4/6
   978 | D:1      | Learned a level 3 spell: Stone Arrow
  1464 | D:2      | Reached XP level 4. HP: 24/24 MP: 6/8
  1563 | D:2      | Found a faded altar of an unknown god.
  2238 | D:3      | Reached skill level 1 in Conjurations
  2241 | D:3      | Reached skill level 5 in Earth Magic
  2241 | D:3      | Reached XP level 5. HP: 28/28 MP: 1/10
  3322 | D:4      | Noticed Blork the orc
  3327 | D:3      | Killed Blork the orc
  3328 | D:3      | Reached skill level 6 in Earth Magic
  3328 | D:3      | Reached XP level 6. HP: 32/32 MP: 7/11
  4157 | D:4      | Noticed Robin
  4161 | D:4      | Killed Robin
  4386 | D:5      | Entered Level 5 of the Dungeon
  4449 | D:5      | Reached XP level 7. HP: 37/37 MP: 10/14
  4501 | D:5      | Reached skill level 7 in Earth Magic
  4531 | D:5      | Reached skill level 5 in Spellcasting
  4647 | D:5      | Found a staircase to the Ecumenical Temple.
  4680 | Temple   | Entered the Ecumenical Temple
  4842 | Temple   | Became a worshipper of Vehumet
  5575 | D:5      | Reached XP level 8. HP: 42/42 MP: 14/16
  5875 | D:5      | Reached skill level 1 in Fighting
  6325 | D:5      | Found a faded altar of an unknown god.
  6326 | D:5      | Found a hazy altar of Hepliaklqana.
  6396 | D:6      | Noticed a kobold demonologist
  6403 | D:6      | Found Hiufreush's Jewellery Shoppe.
  6409 | D:6      | Killed a kobold demonologist
  6410 | D:6      | Reached skill level 8 in Earth Magic
  6692 | D:6      | Found Etwyroyrch's Gadget Gallery.
  6766 | D:6      | Noticed a shadow
  6775 | D:6      | Killed a shadow
  6928 | D:6      | Identified the +10 scale mail of Xom's Anger {Harm +Blink}
  6996 | D:6      | Reached * piety under Vehumet
  6996 | D:6      | Offered knowledge of Foxfire by Vehumet.
  6997 | D:6      | Reached skill level 9 in Earth Magic
  7068 | D:6      | Learned a level 1 spell: Foxfire
  7112 | D:6      | Reached skill level 1 in Armour
  7145 | D:6      | Reached XP level 9. HP: 48/48 MP: 11/19
  7259 | D:6      | Reached skill level 1 in Fire Magic
  7331 | D:7      | Noticed Joseph
  7410 | D:7      | HP: 2/48 [Joseph/sling bullet (15)]
  7410 | D:7      | Shot with a sling bullet by Joseph

Illustrated notes

Levels and vault maps discovered:
D:1:      dpeg_arrival_subterranean_lakeside_camping, layout_basic,
          grunt_decor_cap
D:2:      minmay_angry_zag, layout_loops_cross, basic_ecumenical_altar,
          minmay_misc_feat_plants
D:3:      minmay_general_purpose_star, layout_basic, minmay_liquid_box,
          kennysheep_flooded_box
D:4:      layout_cave_pools, chequers_serial_rivers_large_a, uniq_robin,
          uniq_blork_the_orc
D:5:      cheibrodos_thug_alley, layout_loops_ring,
          beargit_hepliaklqana_dungeon_heroes,
          minmay_temple_entry_statues_pillars, serial_rivers,
          chequers_serial_rivers_micro_c, chequers_serial_rivers_small_b,
          chequers_serial_rivers_small_3, chequers_serial_rivers_large_b,
          chequers_serial_rivers_room_a
D:6:      layout_basic, serial_shops, nicolae_shop_waterfront,
          nicolae_shop_gadgets
D:7:      layout_cave_pools, grunt_gozag_breadcrumbs, uniq_joseph
Temple:   hc_temple_tempest_star

Skill      XL: |  1  2  3  4  5  6  7  8  9 |
---------------+----------------------------+-----
Earth Magic    | 4 5 6 7 9 |  9.1
Spellcasting   | 3 4 5 6 |  6.9
Conjurations   | 1 2 3 |  3.2
Fighting       | 2 |  2.1
Armour         | 1 |  1.0
Fire Magic     | 1 |  1.0
Maces & Flails | |  0.2
Dodging        | |  1.9
Stealth        | |  2.6
Shields        | |  0.2
Transmutations | |  0.7
Evocations     | |  0.1

Action                   |  1- 3 |  4- 6 |  7- 9 || total
-------------------------+-------+-------+-------++-------
Melee: Whip              |     1 |       |       ||     1
       Morningstar       |       |    42 |     2 ||    44
 Cast: Sandblast         |    52 |    99 |    52 ||   203
       Stone Arrow       |       |    11 |    37 ||    48
       Foxfire           |       |       |     7 ||     7
Armor: Robe              |       |    39 |     9 ||    48
       Leather armour    |       |       |     1 ||     1
Dodge: Dodged            |     7 |    61 |    23 ||    91
